 Dungeon Crawl Stone Soup version 0.15-a0-2232-g756d4b8 (webtiles) character file.

7261 MRaven the Geomancer (level 10, -12/75 HPs)
             Began as a Deep Dwarf Earth Elementalist on July 25, 2014.
             Was an Initiate of Makhleb.
             Mangled by a trapdoor spider (15 damage)
             ... on Level 9 of the Dungeon.
             The game lasted 01:36:31 (12706 turns).

MRaven the Geomancer (DDEE)                        Turns: 12706, Time: 01:36:32

HP -12/75        AC  9     Str 12      XL: 10   Next: 88%
MP  27/33        EV 11     Int 19      God: Makhleb [......]
Gold 546         SH  0     Dex 15      Spells:  5 memorised,  7 levels left

rFire  . . .     SeeInvis .     b - 149 stones
rCold  . . .     Clarity  .     v - +0 troll leather armour
rNeg   + . .     rCorr    .     (no shield)
rPois  .         rRot     .     i - +1 helmet
rElec  .         Spirit   .     C - +0 cloak
SustAb .         Warding  +     R - +0 pair of gloves
rMut   .         Stasis   .     K - +0 pair of boots
Gourm  .                        e - amulet of warding
MR     +....                    E - +2 ring of dexterity
                                w - ring of magical power

@: non-regenerating, somewhat resistant to hostile enchantments, unstealthy
A: damage resistance, recharge devices, sense surroundings 2, slow healing 3
a: Device Recharging, Renounce Religion


You were on level 9 of the Dungeon.
You worshipped Makhleb.
Makhleb was noncommittal.
You were not hungry.

You visited 2 branches of the dungeon, and saw 11 of its levels.
You also visited: Ossuary.

You collected 546 gold pieces.

Inventory:

Hand weapons
 u - a +3 war axe
Missiles
 b - 149 stones (in hand)
Armour
 i - a +1 helmet (worn)
 v - a +0 troll leather armour (worn)
 C - a +0 cloak (worn)
 K - a +0 pair of boots (worn)
 R - a +0 pair of gloves (worn)
 S - a fire dragon hide
Magical devices
 a - a wand of heal wounds (3)
 G - a wand of flame (15)
 L - a wand of random effects (13) {unknown}
Comestibles
 c - 2 meat rations
 f - 7 bread rations
 D - a rotting chunk of iguana flesh
 J - a fruit
 W - a slice of pizza
Scrolls
 j - 2 scrolls of enchant weapon
 s - a scroll of remove curse
 t - a scroll of fear
 y - 2 scrolls of identify
 z - a scroll of amnesia
Jewellery
 e - an amulet of warding (around neck)
 w - a ring of magical power (left hand)
 E - a +2 ring of dexterity (right hand)
 I - an uncursed ring of teleport control
 O - an uncursed ring of sustain abilities
 V - an uncursed ring of see invisible
Potions
 g - a potion of cancellation
 h - a potion of berserk rage
 l - 2 potions of magic
 m - 2 potions of heal wounds
 o - 3 potions of degeneration {unknown}
 p - 2 potions of resistance
 q - 4 potions of agility {unknown}
 r - a potion of restore abilities
 x - 3 potions of might {unknown}
 A - 2 potions of invisibility {unknown}
 B - 3 potions of haste
Books
 d - a book of Geomancy

   Spells                             Type                      Level
   *Sandblast                         Earth                        1
   *Stoneskin                         Transmutation/Earth          2
   Passwall                           Transmutation/Earth          3
   *Stone Arrow                       Conjuration/Earth            3
   *Petrify                           Transmutation/Earth          4
   *Lee's Rapid Deconstruction        Earth                        5
 n - a book of Hinderance

   Spells                             Type                      Level
   Confusing Touch                    Hexes                        2
   Confuse                            Hexes                        3
   *Petrify                           Transmutation/Earth          4
   Leda's Liquefaction                Hexes/Earth                  4
   Metabolic Englaciation             Hexes/Ice                    5
   Summon Mana Viper                  Hexes/Summoning              5
 F - a book of Transfigurations

   Spells                             Type                      Level
   *Stoneskin                         Transmutation/Earth          2
   Ice Form                           Ice/Transmutation            4
   Statue Form                        Transmutation/Earth          6
   Dragon Form                        Transmutation                7
 H - a Grand Grimoire {highlevel, unknown}

   This book is beyond your current level of understanding.

   Spells                             Type                      Level
   Aura of Abjuration                 Summoning                    6
   Forceful Dismissal                 Summoning                    6
   Summon Greater Demon               Summoning                    7
   Malign Gateway                     Summoning/Translocation      7
   Summon Horrible Things             Summoning                    8
 N - a book of Ice

   Spells                             Type                      Level
   Metabolic Englaciation             Hexes/Ice                    5
   Ozocubu's Refrigeration            Ice                          6
   Bolt of Cold                       Conjuration/Ice              6
   Freezing Cloud                     Conjuration/Ice/Air          6
   Simulacrum                         Ice/Necromancy               6
 P - a book of the Tempests

   Spells                             Type                      Level
   Static Discharge                   Conjuration/Air              3
   Lightning Bolt                     Conjuration/Air              5
   Fireball                           Conjuration/Fire             5
   Tornado                            Air                          9
   Shatter                            Earth                        9
 Q - a book of Callings

   Spells                             Type                      Level
   Summon Small Mammal                Summoning                    1
   Call Imp                           Summoning                    2
   Call Canine Familiar               Summoning                    3
   Summon Guardian Golem              Hexes/Summoning              4
   Summon Lightning Spire             Summoning/Air                4
   Summon Ice Beast                   Ice/Summoning                4
 U - a book of Battle

   Spells                             Type                      Level
   Infusion                           Charms                       1
   Shroud of Golubria                 Charms/Translocation         2
   Song of Slaying                    Charms                       2
   Spectral Weapon                    Hexes/Charms                 3
   Regeneration                       Charms/Necromancy            3
Magical staves
 M - an uncursed staff of conjuration


   Skills:
 - Level 2.1 Dodging
 - Level 2.4 Stealth
 - Level 6.8 Spellcasting
 * Level 6.1 Conjurations
 + Level 5.8 Transmutations
 * Level 14.7 Earth Magic


You had 7 spell levels left.
You knew the following spells:

 Your Spells              Type           Power        Failure   Level  Hunger
a - Sandblast             Erth           ######       1%          1    None
b - Stoneskin             Trmt/Erth      #####.....   1%          2    None
c - Stone Arrow           Conj/Erth      #####.       1%          3    ##.....
d - Petrify               Trmt/Erth      #####...     1%          4    ####...
e - Lee's Rapid Deconstr  Erth           ######....   1%          5    #####..


Dungeon Overview and Level Annotations

Branches:
Dungeon (10/15)            Temple (1/1) D:4            Lair (0/8) D:8
    Orc: D:9-12

Altars:
Ashenzari
Cheibriados
Dithmenos
Elyvilon
Fedhas
Gozag
Kikubaaqudgha
Makhleb
Nemelex Xobeh
Okawaru
Qazlal
Sif Muna
Trog
Vehumet
Xom
Yredelemnul
Zin
The Shining One

Shops:
D:5 =


Innate Abilities, Weirdness & Mutations

You are resistant to damage.
You can recharge devices by infusing magical energy.
You passively map the area around you.
You do not heal naturally.


Message History

The trapdoor spider bites you.
You are poisoned.
The trapdoor spider poisons you! The yak barely misses you.
The trapdoor spider bites you!
* * * LOW HITPOINT WARNING * * *
Drink which item? (? for menu, Esc to quit)
You feel better. The trapdoor spider bites you!
* * * LOW HITPOINT WARNING * * *
You are poisoned.
The trapdoor spider poisons you! The yak gores you!
* * * LOW HITPOINT WARNING * * *
Drink which item? (? for menu, Esc to quit)
Okay, then.
Drink which item? (? for menu, Esc to quit)
You feel better. The trapdoor spider bites you!
* * * LOW HITPOINT WARNING * * *
The yak gores you!
* * * LOW HITPOINT WARNING * * *
The trapdoor spider bites you!
You die...

......#...........#
......#...........#
......#...........#
......#.....#######
......#.....#
.....##.....#
.....#......#
####.#......######
...'.#.........Y@#
...###.........s.#
.................#
......#########..#
#.....# #.##
#.....# #####.#
#.....# #.....#
#.....#####.^...#
#...............#


You could see a trapdoor spider and a yak.

Vanquished Creatures
  A centaur warrior (D:8)
  A death yak (D:8)
  Joseph (D:10)
  The ghost of vYxOr the Skirmisher, an average OgFi of Okawaru (Ossuary)
  A raven (D:8)
  The ghost of oplop the Stinger, an average MfVM (D:4)
  A spriggan (D:8)
  2 wraiths (D:8)
  2 hippogriffs
  A deep elf mage (D:10)
  3 yaks
  An ugly thing (D:8)
  4 ice beasts
  A black bear (D:10)
  A phantom (D:8)
  A necrophage (D:6)
  2 ogres
  3 orc warriors
  2 sky beasts
  A big kobold (D:8)
  5 giant frogs
  5 water moccasin zombies (Ossuary)
  A scorpion (D:4)
  4 electric eels
  3 goliath beetles
  2 orc priests
  5 hounds
  3 jellies
  7 crimson imps
  6 orc wizards
  A soldier ant zombie (D:8)
  2 worker ants
  2 iguanas
  4 big kobold zombies
  A crocodile skeleton (D:7)
  An ogre skeleton (D:8)
  3 mummies
  2 gnolls (D:7)
  A green rat (D:8)
  11 adders
  A giant mite (D:4)
  2 shadow imps
  An inept item mimic (D:6)
  3 worms
  An iguana zombie (D:6)
  6 adder zombies (Ossuary)
  2 iguana skeletons
  10 giant geckos
  23 orcs
  2 ball pythons
  14 bats
  5 giant cockroaches
  A gnoll skeleton (D:4)
  3 gnoll zombies (Ossuary)
  15 goblins
  19 hobgoblins
  9 jackals
  2 quokkas
  6 giant newts
  A goblin zombie (D:4)
  A hobgoblin skeleton (D:4)
  8 hobgoblin zombies (Ossuary)
  21 kobolds
  A kobold skeleton (D:7)
  5 kobold zombies (Ossuary)
  3 orc zombies
  A quokka skeleton (D:5)
  18 rats
  A rat skeleton (D:7)
  A rat zombie (D:5)
286 creatures vanquished.

Vanquished Creatures (others)
  A giant spore (D:10)
1 creature vanquished.

Grand Total: 287 creatures vanquished

Notes
Turn   | Place    | Note
--------------------------------------------------------------
     0 | D:1      | MRaven, the Deep Dwarf Earth Elementalist, began the quest for the Orb.
     0 | D:1      | Reached XP level 1. HP: 15/15 MP: 2/2
   534 | D:1      | Reached XP level 2. HP: 19/22 MP: 2/4
   538 | D:1      | Learned a level 2 spell: Stoneskin
  1269 | D:2      | Found an ancient bone altar of Kikubaaqudgha.
  1389 | D:2      | Reached XP level 3. HP: 21/28 MP: 3/6
  1414 | D:2      | Found a glowing golden altar of the Shining One.
  1633 | D:2      | Reached skill level 5 in Earth Magic
  1960 | D:2      | Learned a level 3 spell: Stone Arrow
  1976 | D:2      | Reached XP level 4. HP: 16/36 MP: 6/8
  3854 | D:4      | Found a staircase to the Ecumenical Temple.
  3863 | Temple   | Entered the Ecumenical Temple
  4148 | D:4      | Found an opulent altar of Gozag.
  4175 | D:4      | Found a sand-covered staircase.
  4189 | Ossuary  | Entered an ossuary
  4256 | Ossuary  | Noticed vYxOr's ghost (average OgFi)
  4265 | Ossuary  | Reached skill level 1 in Conjurations
  4265 | Ossuary  | Reached skill level 6 in Earth Magic
  4265 | Ossuary  | Reached XP level 5. HP: 32/42 MP: 11/11
  4276 | Ossuary  | Killed vYxOr's ghost
  4276 | Ossuary  | Reached skill level 7 in Earth Magic
  4276 | Ossuary  | Reached XP level 6. HP: 26/49 MP: 4/13
  4293 | Ossuary  | Reached XP level 7. HP: 35/55 MP: 2/14
  4496 | Ossuary  | Reached skill level 8 in Earth Magic
  4932 | D:4      | Learned a level 4 spell: Petrify
  5063 | D:4      | Found a stormy altar of Qazlal.
  5136 | D:4      | Reached skill level 9 in Earth Magic
  5153 | D:4      | Found a shadowy altar of Dithmenos.
  5168 | D:4      | Noticed an ogre
  5170 | D:4      | Noticed oplop's ghost (average MfVM)
  5173 | D:4      | Killed oplop's ghost
  5173 | D:4      | Reached XP level 8. HP: 33/62 MP: 17/17
  5175 | D:4      | Killed an ogre
  5299 | D:4      | Reached skill level 5 in Conjurations
  5950 | D:5      | Entered Level 5 of the Dungeon
  6010 | D:5      | Learned a level 5 spell: Lee's Rapid Deconstruction
  6020 | D:5      | Reached skill level 1 in Transmutations
  6033 | D:5      | Reached skill level 10 in Earth Magic
  6314 | D:5      | Found Raoren's Jewellery Boutique.
  6619 | D:5      | Found a blossoming altar of Fedhas.
  6619 | D:5      | Found a stormy altar of Qazlal.
  6619 | D:5      | Found a deep blue altar of Sif Muna.
  6811 | D:5      | Reached skill level 5 in Spellcasting
  7436 | D:6      | Gained mutation: You passively map the area around you. [level up]
  7436 | D:6      | Reached XP level 9. HP: 68/68 MP: 21/21
  7722 | D:6      | Reached skill level 11 in Earth Magic
  9321 | D:8      | Found a radiant altar of Vehumet.
  9374 | D:8      | Found a staircase to the Lair.
  9382 | D:8      | Noticed a death yak
  9429 | D:8      | Killed a death yak
  9429 | D:8      | Reached skill level 12 in Earth Magic
  9714 | D:8      | Reached XP level 10. HP: 36/75 MP: 21/24
  9717 | D:8      | Reached skill level 13 in Earth Magic
  9874 | D:8      | Noticed a centaur warrior
  9886 | D:8      | Killed a centaur warrior
  9886 | D:8      | Reached skill level 5 in Transmutations
 10089 | D:8      | Found a glowing golden altar of the Shining One.
 10152 | D:8      | Found a shattered altar of Ashenzari.
 10835 | D:9      | Reached skill level 14 in Earth Magic
 12037 | D:2      | Found a burning altar of Makhleb.
 12037 | D:2      | Found a glowing silver altar of Zin.
 12054 | D:2      | Became a worshipper of Makhleb the Destroyer
 12191 | D:10     | Entered Level 10 of the Dungeon
 12191 | D:10     | Noticed Joseph
 12203 | D:10     | Killed Joseph
 12359 | D:10     | Found a shimmering altar of Xom.
 12706 | D:9      | HP: 3/75 [yak (5)]
 12706 | D:9      | Mangled by a trapdoor spider

Action                   |  1- 3 |  4- 6 |  7- 9 | 10-12 || total
-------------------------+-------+-------+-------+-------++-------
Melee: Dagger            |    20 |       |       |       ||    20
       Unarmed           |     4 |       |       |       ||     4
       War axe           |       |    19 |    57 |       ||    76
       Staff             |       |       |       |     1 ||     1
 Cast: Sandblast         |    60 |    86 |   205 |    73 ||   424
       Stone Arrow       |       |       |   110 |    80 ||   190
       Stoneskin         |       |       |     2 |       ||     2
       Petrify           |       |       |     1 |       ||     1
       Lee's Rapid Decon |       |       |       |     6 ||     6
Evoke: Wand              |       |     1 |     8 |     5 ||    14
  Use: Scroll            |     2 |    11 |     1 |     9 ||    23
       Potion            |       |     1 |     1 |     7 ||     9
  Eat: Chunk             |     4 |     6 |    19 |     5 ||    34
       Meat ration       |       |       |     1 |       ||     1
       Pizza             |       |       |     1 |     1 ||     2
       Fruit             |       |       |       |     2 ||     2
       Bread ration      |       |       |       |     1 ||     1
